 Dungeon Crawl Stone Soup version 0.21-a0-633-g4c047d5 (webtiles) character file.

210 mortelune the Chopper (level 5, 0/49 HPs)
             Began as a Deep Dwarf Fighter on Dec 28, 2017.
             Slain by a worm (5 damage)
             ... on level 3 of the Dungeon.
             The game lasted 00:07:32 (1931 turns).

mortelune the Chopper (Deep Dwarf Fighter)          Turns: 1931, Time: 00:07:33

Health: 0/49       AC:  8    Str: 20    XL:     5   Next: 57%
Magic:  4/4        EV:  7    Int:  9    God:
Gold:   94         SH:  9    Dex: 12    Spells: 4/4 levels left

rFire    . . .     SeeInvis .   a - +0 war axe
rCold    . . .     Gourm    .   c - +0 shield
rNeg     . . .     Faith    .   b - +0 scale mail
rPois    .         Spirit   .   (no helmet)
rElec    .         Reflect  .   (no cloak)
rCorr    .         Harm     .   (no gloves)
MR       .....                  g - +0 pair of boots
Stlth    ..........             (no amulet)
HPRegen  0.00/turn              (no ring)
MPRegen  0.09/turn              (no ring)

@: non-regenerating
A: damage resistance, heal wounds, sense surroundings 1, no regeneration
a: Heal Wounds


You were on level 3 of the Dungeon.
You were not hungry.

You visited 1 branch of the dungeon, and saw 3 of its levels.

You collected 94 gold pieces.

Inventory:

Hand Weapons
 a - a +0 war axe (weapon)
Missiles
 e - 63 stones (quivered)
Armour
 b - a +0 scale mail (worn)
 c - a +0 shield (worn)
 g - a +0 pair of boots (worn)
Scrolls
 j - a scroll of amnesia {unknown}
 m - 2 scrolls of remove curse
 n - a scroll of identify {unknown}
 q - a scroll of fog {unknown}
 t - a scroll of blinking {unknown}
Potions
 d - a potion of might
 h - a potion of curing {unknown}
 i - a potion of magic {unknown}
 k - a potion of brilliance {unknown}
 l - a potion of flight {unknown}
 s - a potion of mutation {unknown}
Books
 p - a book of Cantrips

   Spells                             Type                      Level
   a - Confusing Touch                Hexes                        1
   b - Animate Skeleton               Necromancy                   1
   c - Summon Small Mammal            Summoning                    1
   d - Apportation                    Translocation                1
 r - a book of Maledictions

   Spells                             Type                      Level
   a - Corona                         Hexes                        1
   b - Ensorcelled Hibernation        Hexes/Ice                    2
   c - Confuse                        Hexes                        3
   d - Tukima's Dance                 Hexes                        3
   e - Dazzling Spray                 Conjuration/Hexes            3
Comestibles
 f - 5 rations
 o - 8 chunks of flesh


   Skills:
 + Level 3.4 Fighting
 * Level 4.4 Axes
 + Level 4.3 Armour
 + Level 4.2 Shields


You had 4 spell levels left.
You didn't know any spells.

Dungeon Overview and Level Annotations

Branches:
Dungeon (3/15)

Altars:


Innate Abilities, Weirdness & Mutations

You are resistant to damage.
You can heal yourself by infusing magical energy.
You passively map a small area around you.
You do not regenerate.


Message History

Some of the chunks of flesh in your inventory have rotted away.
You hit the worm but do no damage.
The worm is heavily wounded.
The worm barely misses you.
You barely miss the worm.
The worm is heavily wounded.
The worm bites you.
You hit the worm.
The worm is severely wounded.
You barely miss the worm.
The worm is severely wounded.
The worm bites you!
* * * LOW HITPOINT WARNING * * *
You hit the worm.
The worm is almost dead.
The worm bites you but does no damage.
You hit the worm.
The worm is almost dead.
The worm bites you!
You die...

, , * , # #.÷ *#.##*
#.######<. #(
.##*###......... ##(
#..,............ #.(
#.#########.#### #.⌠
#.....# ##.#### #..
#.###.## #...... #w##.#
#..###..#### #.@..#
##......# # ######
##...### #
###....######
#............ ####
#.###.####### ...##
#####'###.# ###..
....##
######..#≈≈≈##.###..>#
.....#
#.....).'≈≈≈+..#...###
.....#
####.#######≈≈≈#....###


You could see a worm.

Vanquished Creatures
  The ghost of wazuzu the Magician, a weakling GrWz (D:3)
  2 orc priests (D:3)
  3 adders
  2 worms
  2 dart slugs (D:1)
  3 leopard geckos
  8 orcs (D:3)
  10 bats
  2 giant cockroaches
  9 goblins
  8 hobgoblins
  5 kobolds
  3 quokkas (D:3)
  4 ball pythons
  3 frilled lizards
65 creatures vanquished.

Notes
Turn   | Place    | Note
-------+----------+-------------------------------------------
     0 | D:1      | mortelune the Deep Dwarf Fighter began the quest for the Orb.
     0 | D:1      | Reached XP level 1. HP: 20/20 MP: 1/1
    89 | D:1      | Reached XP level 2. HP: 27/27 MP: 2/2
   777 | D:2      | Reached XP level 3. HP: 33/33 MP: 3/3
  1477 | D:3      | Reached XP level 4. HP: 28/42 MP: 4/4
  1729 | D:3      | HP: 2/42 [orc priest/divine providence (10)]
  1735 | D:3      | Reached XP level 5. HP: 27/49 MP: 4/4
  1837 | D:3      | Noticed wazuzu's ghost (weakling GrWz)
  1847 | D:3      | Killed wazuzu's ghost
  1931 | D:3      | Slain by a worm

Vault maps used:
D:1:      dpeg_arrival_water_altar, serial_glass, glass_columns_c,
          glass_columns_c, hex_intersection
D:3:      minmay_liquid_box, elyvilon_altar_1

Skill      XL: |  1  2  3  4 |
---------------+-------------+-----
Axes           | 3 4 |  4.4
Fighting       | 3 |  3.4
Armour         | 4 |  4.3
Shields        | 4 |  4.2

Action                   |  1- 3 |  4- 6 || total
-------------------------+-------+-------++-------
Melee: War axe           |   130 |   115 ||   245
Throw: Stone             |     4 |     4 ||     8
 Abil: Heal Wounds       |       |     3 ||     3
  Use: Scroll            |       |     1 ||     1
  Eat: Chunk             |     2 |     2 ||     4
Armor: Scale mail        |    68 |    39 ||   107
Dodge: Dodged            |    42 |    36 ||    78
Block: Shield            |    77 |    55 ||   132

Table legend:
 A = Spawn XP
 B = Non-spawn XP
 C = Spawn XP percentage of total XP
 D = Spawn monster count
 E = Non-spawn monster count
 F = Spawn count percentage of total count
 G = Total turns spent on level
                    A         B        C        D         E        F      G
               +---------+---------+-------+---------+---------+-------+---------
         Total |       0 |     301 |   0.0 |       0 |      65 |   0.0 |  1931
               +---------+---------+-------+---------+---------+-------+---------
           D:1 |       0 |      34 |   0.0 |       0 |      15 |   0.0 |   727
           D:2 |       0 |      57 |   0.0 |       0 |      17 |   0.0 |   741
           D:3 |       0 |     210 |   0.0 |       0 |      33 |   0.0 |   463
               +---------+---------+-------+---------+---------+-------+---------
